 Dungeon Crawl Stone Soup version 0.29.0-4-gdea44cf6ec (webtiles) character file.

Game seed: 8479842229438927748

53 qw the Chopper (level 3, 0/21 HPs)
             Began as a Tengu Warper on Aug 28, 2022.
             Slain by Grinder (5 damage)
             ... on level 3 of the Dungeon.
             The game lasted 00:00:14 (2646 turns).

qw the Chopper (Tengu Warper)                       Turns: 2646, Time: 00:00:15

Health: 0/21       AC:  7    Str: 13    XL:     3   Next: 87%
Magic:  0/7        EV:  9    Int: 13    God:
Gold:   61         SH:  0    Dex: 13    Spells: 6/6 levels left

rFire   . . .      SeeInvis .   Y - +0 hand axe
rCold   . . .      Faith    .   (no shield)
rNeg    . . .      Spirit   +   g - +0 scale mail
rPois   .          Reflect  .   (helmet restricted)
rElec   .          Harm     .   c - +0 cloak {Will+}
rCorr   .          Rampage  .   (no gloves)
Will    +....                   (boots unavailable)
Stlth   ..........              i - amulet of guardian spirit
HPRegen 0.07/turn               (no ring)
MPRegen 0.10/turn               (no ring)

@: no status effects
A: beak, talons 3
a: no special abilities


You were on level 3 of the Dungeon.
You visited 1 branch of the dungeon, and saw 3 of its levels.

You collected 61 gold pieces.


Innate Abilities, Weirdness & Mutations

You have a beak for a mouth.
You have claws for feet.


   Skills:
 - Level 2.0 Fighting
 + Level 4.5 Axes
 - Level 1.0 Throwing
 - Level 1.1 Armour
 - Level 2.1 Dodging
 - Level 2.0 Spellcasting
 - Level 2.4 Translocations


You had 6 spell levels left.
You didn't know any spells.
Your spell library contained the following spells:

 Spells                   Type           Power      Damage    Failure   Level
 Blink                    Tloc           14%        N/A       56%         2
 Gell's Gravitas          Tloc           7%         N/A       80%         3
 Lesser Beckoning         Tloc           7%         N/A       80%         3
 Teleport Other           Tloc           7%         N/A       80%         3
 Manifold Assault         Tloc           7%         N/A       100%        5

Inventory:

Hand Weapons
 h - a +0 whip
 Y - a +0 hand axe (weapon)
Armour
 c - a +0 cloak of willpower (worn)
 g - a +0 scale mail (worn)
Jewellery
 i - an amulet of guardian spirit (around neck)
Scrolls
 b - a scroll of enchant weapon {unknown}
 f - a scroll of identify
Potions
 a - 2 potions of haste {unknown}
 d - a potion of heal wounds {unknown}
 e - a potion of degeneration {unknown}
 j - a potion of magic {unknown}
 k - 2 potions of lignification {unknown}
 l - a potion of curing {unknown}

Dungeon Overview and Level Annotations

Branches:
Dungeon (3/15)

Altars:

Shops:
D:1 !

Annotations:
D:3 Grinder


Message History

Grinder hits you but does no damage.
You barely miss Grinder. You claw Grinder, but do no damage.
Your peck misses Grinder.
Grinder is lightly wounded.
Grinder blinks!
Found a viscous emerald potion.
Grinder gestures at you.
You easily resist.
Grinder hits you but does no damage.
You closely miss Grinder. You peck Grinder.
Grinder is lightly wounded.
Grinder closely misses you.
You hit Grinder but do no damage. Your kick misses Grinder. You peck Grinder.
Grinder is lightly wounded.
Grinder hits you but does no damage.
You closely miss Grinder. You claw Grinder.
Grinder is moderately wounded.
Grinder closely misses you.
You hit Grinder but do no damage.
Grinder is moderately wounded.
Grinder gestures at you. Pain shoots through your body!
Grinder gestures at you. Pain shoots through your body!
You closely miss Grinder.
Grinder is moderately wounded.
Grinder misses you.
You closely miss Grinder. Your kick misses Grinder. You peck Grinder.
Grinder is moderately wounded.
Grinder misses you.
You hit Grinder but do no damage. You claw Grinder, but do no damage.
Grinder is moderately wounded.
Grinder hits you but does no damage.
You closely miss Grinder. You claw Grinder.
Grinder is moderately wounded.
Grinder hits you but does no damage.
You hit Grinder. Your kick misses Grinder. You punch Grinder, but do no damage.
Grinder is heavily wounded.
Grinder hits you.
You writhe in agony.
You die...

#.#.# #....#.#
#..#.############
#....... ##...
#............#
#.##...#
.#..####...........!#
#.......
..>.................#
####....
....................#
#......
....................#
#......
.#....##......5.....#
#......
#.##..?.....@......#
##..... #
####............#
#....# #.%..........#
#.....
#............###..#...
#........$..... ###
#.##..#######.# ######
#.#.........#.# #....#
#.#...........# #....#
#.#..........# #....#


You could see Grinder.

Vanquished Creatures
  2 worms (D:2)
  2 dart slugs (D:2)
  5 ball pythons
  A bat (D:1)
  5 endoplasms
  9 goblins
  4 hobgoblins
  3 frilled lizards (D:3)
  4 kobolds
  5 rats
40 creatures vanquished.

Vanquished Creatures (others)
  5 plants (D:1)
5 creatures vanquished.

Grand Total: 45 creatures vanquished

Notes
Turn   | Place    | Note
-------+----------+-------------------------------------------
     0 | D:1      | qw the Tengu Warper began the quest for the Orb.
     0 | D:1      | Reached XP level 1. HP: 12/12 MP: 4/4
     0 | D:1      | 0 ||| qw: Version: 0.1-a-89-g26bdef1
     0 | D:1      | 0 ||| qw: Game counter: 199
     0 | D:1      | 0 ||| qw: Always use a shield: true
     0 | D:1      | 0 ||| qw: God list: Okawaru
     0 | D:1      | 0 ||| qw: Allow faded altars: false
     0 | D:1      | 0 ||| qw: Do Orc after D:15 true
     0 | D:1      | 0 ||| qw: Do second Lair branch before Depths: true
     0 | D:1      | 0 ||| qw: Lair rune preference: random
     0 | D:1      | 0 ||| qw: Plans: Normal
     0 | D:1      | 0 ||| PLANNING D:1-11
     7 | D:1      | Found Muazew's Distillery.
    15 | D:1      | 15 ||| SHOPLISTING 2 potions of haste (260 gold, have 0).
    15 | D:1      | 15 ||| SHOPLISTING potion of curing (39 gold, have 0).
    15 | D:1      | 15 ||| SHOPLISTING potion of haste (130 gold, have 0).
    15 | D:1      | 15 ||| SHOPLISTING potion of heal wounds (65 gold, have 0).
   112 | D:1      | 112 ||| Stepping ~*~*~tactically~*~*~ (stealth).
   113 | D:1      | 113 ||| Stepping ~*~*~tactically~*~*~ (stealth).
   116 | D:1      | 116 ||| Stepping ~*~*~tactically~*~*~ (stealth).
   119 | D:1      | 119 ||| Stepping ~*~*~tactically~*~*~ (stealth).
   120 | D:1      | 120 ||| Stepping ~*~*~tactically~*~*~ (stealth).
   126 | D:1      | 126 ||| Stepping ~*~*~tactically~*~*~ (stealth).
   128 | D:1      | 128 ||| Stepping ~*~*~tactically~*~*~ (stealth).
   130 | D:1      | 130 ||| Stepping ~*~*~tactically~*~*~ (stealth).
   160 | D:1      | Reached XP level 2. HP: 17/17 MP: 6/6
   215 | D:1      | 215 ||| Stepping ~*~*~tactically~*~*~ (stealth).
   216 | D:1      | 216 ||| Stepping ~*~*~tactically~*~*~ (stealth).
   219 | D:1      | Reached skill level 3 in Axes
   222 | D:1      | 222 ||| Stepping ~*~*~tactically~*~*~ (stealth).
   322 | D:1      | 322 ||| Stepping ~*~*~tactically~*~*~ (stealth).
   332 | D:1      | 332 ||| DROPPING +0 club.
   419 | D:1      | 419 ||| Stepping ~*~*~tactically~*~*~ (stealth).
   461 | D:1      | Found a faded altar of an unknown god.
   796 | D:1      | 796 ||| UPGRADING to +0 ring mail.
   806 | D:1      | 806 ||| DROPPING +0 leather armour.
   807 | D:1      | 807 ||| UPGRADING to +0 scale mail.
   817 | D:1      | 817 ||| DROPPING +0 ring mail.
   818 | D:1      | 818 ||| UPGRADING to amulet of guardian spirit.
   823 | D:1      | 823 ||| DROPPING +6 ring of intelligence.
   824 | D:1      | 824 ||| READING scroll labelled FESANA YQEZ.
   829 | D:1      | 829 ||| READING 2 scrolls labelled NUMU LUELUOTO.
   830 | D:1      | 830 ||| DROPPING scroll of blinking.
   831 | D:1      | 831 ||| DROPPING scroll of fear.
   956 | D:2      | 956 ||| Stepping ~*~*~tactically~*~*~ (stealth).
   957 | D:2      | 957 ||| Stepping ~*~*~tactically~*~*~ (stealth).
   966 | D:2      | Reached XP level 3. HP: 21/21 MP: 7/7
   976 | D:2      | 976 ||| Stepping ~*~*~tactically~*~*~ (hiding).
   978 | D:2      | 978 ||| Stepping ~*~*~tactically~*~*~ (hiding).
  1315 | D:2      | 1315 ||| FLEEEEING.
  1366 | D:2      | HP: 2/21 [worm (6)]
  1368 | D:2      | Reached skill level 4 in Axes
  1497 | D:2      | 1497 ||| FLEEEEING.
  1572 | D:2      | 1572 ||| FLEEEEING.
  1573 | D:2      | 1573 ||| FLEEEEING.
  1576 | D:2      | 1576 ||| FLEEEEING.
  1577 | D:2      | 1577 ||| FLEEEEING.
  1599 | D:2      | 1599 ||| FLEEEEING.
  1600 | D:2      | 1600 ||| FLEEEEING.
  1601 | D:2      | 1601 ||| FLEEEEING.
  1602 | D:2      | 1602 ||| FLEEEEING.
  1603 | D:2      | 1603 ||| FLEEEEING.
  1662 | D:2      | 1662 ||| Stepping ~*~*~tactically~*~*~ (stealth).
  2143 | D:2      | 2143 ||| UPGRADING to +0 cloak of willpower.
  2148 | D:2      | 2148 ||| READING scroll labelled PEXTEMNOANO.
  2149 | D:2      | 2149 ||| READING scroll labelled JURPHI VENIUFO.
  2150 | D:2      | 2150 ||| READING 2 scrolls labelled TUDEFR JOUR.
  2311 | D:3      | Noticed Grinder
  2319 | D:3      | HP: 4/21 [Grinder (2)]
  2320 | D:3      | 2320 ||| READING scroll of teleportation.
  2628 | D:3      | 2628 ||| Stepping ~*~*~tactically~*~*~ (stealth).
  2646 | D:3      | HP: 5/21 [Grinder (4)]
  2646 | D:3      | Slain by Grinder

Levels and vault maps discovered:
D:1:      minmay_arrival_checkered_box, layout_basic, serial_shops,
          nicolae_shop_advertising_works [nicolae_subvault_shop_adworks],
          serial_forest, infiniplex_forest_clump_curved,
          infiniplex_forest_lined_room_3, infiniplex_forest_clump_large,
          infiniplex_forest_lined_corner, infiniplex_forest_3_way,
          infiniplex_forest_clump_double, infiniplex_forest_clump_small,
          infiniplex_forest_straight_4,
          dreamdust_ecumenical_altar_angels_and_demons
D:2:      layout_loops_corners, reono_crystal_passage, minmay_misc_feat_cross
D:3:      layout_basic, serial_shops, nicolae_shop_competitors_out_of_business,
          uniq_grinder

Skill      XL: |  1  2  3 |
---------------+----------+-----
Axes           | 3 4 |  4.5
Fighting       | |  2.0
Throwing       | |  1.0
Armour         | |  1.1
Dodging        | |  2.1
Spellcasting   | |  2.0
Translocations | |  2.4

Action                   || total
-------------------------++-------
Melee: Hand axe          ||    87
       Kick              ||    29
       Peck              ||    15
       Punch             ||     2
Throw: Boomerang         ||     7
  Use: Scroll            ||     6
Armor: Leather armour    ||     4
       Scale mail        ||    15
Dodge: Dodged            ||    25

Table legend:
 A = Non-vault XP
 B = Vault XP
 C = Vault XP percentage of total XP
 D = Non-vault monster count
 E = Vault monster count
 F = Vault count percentage of total count
                 A         B        C        D         E       F
            +---------+---------+-------+---------+---------+-------
      Total |      76 |       0 |   0.0 |      40 |       0 |   0.0
            +---------+---------+-------+---------+---------+-------
        D:1 |      22 |       0 |   0.0 |      15 |       0 |   0.0
        D:2 |      46 |       0 |   0.0 |      19 |       0 |   0.0
        D:3 |       8 |       0 |   0.0 |       6 |       0 |   0.0
            +---------+---------+-------+---------+---------+-------
